 Dungeon Crawl Stone Soup version 0.21-a0-344-g2144152 (webtiles) character file.

1 tidbits the Scratcher (level 1, -1/9 HPs)
             Began as a Felid Transmuter on Oct 4, 2017.
             Slain by a goblin (2 damage)
             ... on level 2 of the Dungeon.
             The game lasted 00:00:17 (66 turns).

tidbits the Scratcher (Felid Transmuter)              Turns: 66, Time: 00:00:18

Health: -1/9       AC:  1    Str:  6    XL:     1   Next: 16%
Magic:  4/4        EV: 18    Int: 14    God:
Gold:   13         SH:  0    Dex: 16    Spells: 3/4 levels left
                                        Lives:  0   Deaths: 0

rFire    . . .     SeeInvis +     - Unarmed
rCold    . . .     Gourm    .   (shield unavailable)
rNeg     . . .     Faith    .   (armour unavailable)
rPois    .         Spirit   .   (helmet unavailable)
rElec    .         Reflect  .   (cloak unavailable)
rCorr    .         Harm     .   (gloves unavailable)
MR       .....                  (boots unavailable)
Stlth    ++........             (no amulet)
HPRegen  0.03/turn              (no ring)
MPRegen  0.09/turn              (no ring)

@: quick
A: no armour, no weapons or thrown items, stealth, claws 1, fangs 3, see
invisible, carnivore 3, speed 1, shaggy fur 1, slow metabolism 1, sharp paws
a: no special abilities


You were on level 2 of the Dungeon.
You were not hungry.

You visited 1 branch of the dungeon, and saw 2 of its levels.

You collected 13 gold pieces.

Inventory:

Missiles
 a - 26 arrows
Scrolls
 d - a scroll of identify {unknown}
 e - a scroll of remove curse {unknown}
Books
 b - a book of Changes

   Spells                             Type                      Level
   a - Beastly Appendage              Transmutation                1
   b - Sticks to Snakes               Transmutation                2
   c - Spider Form                    Transmutation/Poison         3
   d - Ice Form                       Ice/Transmutation            4
   e - Blade Hands                    Transmutation                5
Comestibles
 c - a meat ration


   Skills:
 + Level 1.0 Fighting
 + Level 2.7 Dodging
 + Level 3.0 Unarmed Combat
 + Level 2.0 Spellcasting
 + Level 2.2 Transmutations


You had 3 spell levels left.
You knew the following spells:

 Your Spells              Type           Power        Failure   Level  Hunger
e - Beastly Appendage     Tmut           #.....       10%         1    ##.....


Dungeon Overview and Level Annotations

Branches:
Dungeon (2/15)

Altars:


Innate Abilities, Weirdness & Mutations

You cannot wear armour.
You are incapable of wielding weapons or throwing items.
Your paws allow you to move quietly. (Stealth)
You have sharp claws.
You have razor-sharp teeth.
You have supernaturally acute eyesight. (SInv)
You are carnivorous and can eat meat at any time.
You cover ground quickly.
You are covered in fur. (AC +1)
You have a slow metabolism.
Your sharp claws are effective at attacking unaware monsters.


Message History

Welcome, tidbits the Felid Transmuter.
Will you be the one to retrieve the fabulous Orb of Zot from the depths?
Press ? for a list of commands and other information.
Found 13 gold pieces.
Found a staircase leading out of the dungeon.
You now have 13 gold pieces.
Found 23 stones.
Found a scroll labeled ZOADWEMN EMPOUPEW.
d - a scroll labeled ZOADWEMN EMPOUPEW
Found a scroll labeled DEOLUA LATAKK.
Found 14 arrows.
Found a stone staircase leading down.
A hobgoblin comes into view.
The hobgoblin shouts!
You see here 14 arrows.
a - 26 arrows (gained 14)
Casting: Beastly Appendage
Confirm with . or Enter, or press ? or * to list all spells.
You grow a pair of large bovine horns.
You closely miss the hobgoblin. The hobgoblin barely misses you.
You scratch the hobgoblin.
The hobgoblin is lightly wounded.
The hobgoblin closely misses you.
You claw the hobgoblin!
You kill the hobgoblin!
Your transformation is almost over.
e - a scroll labeled DEOLUA LATAKK A goblin comes into view.
The goblin shouts!
You hear a bark!
There is a stone staircase leading down here.
A frilled lizard comes into view.
Your horns disappear.
A jackal comes into view.
The frilled lizard hisses angrily.
The goblin hits you.
The jackal barks!
You scratch the goblin but do no damage.
You hear a bark!
The goblin hits you.
There is a stone staircase leading down here.
The goblin hits you.
* * * LOW HITPOINT WARNING * * *
You climb downwards.
A leopard gecko comes into view.
Found four items.
Found a stone staircase leading down.
There is a stone staircase leading up here.
You scratch the goblin.
The goblin is severely wounded.
The goblin hits you.
You die...

.........#
.l.......#
.........#
......[..#
.........####
>...........#
............#
......g@...?#
......^.....#
......?.....#
........$...#
............#
.......#.####
.##..## .#
##. .#


You could see a leopard gecko (sleeping) and a goblin.

Vanquished Creatures
  A hobgoblin (D:1)
1 creature vanquished.

Notes
Turn   | Place    | Note
-------+----------+-------------------------------------------
     0 | D:1      | tidbits the Felid Transmuter began the quest for the Orb.
     0 | D:1      | Reached XP level 1. HP: 9/9 MP: 4/4
    66 | D:2      | Slain by a goblin

Vault maps used:
D:1:      wheals_arrival_shading

Action                   || total
-------------------------++-------
Melee: Unarmed           ||     5
 Cast: Beastly Appendage ||     1
Dodge: Dodged            ||     2

Table legend:
 A = Spawn XP
 B = Non-spawn XP
 C = Spawn XP percentage of total XP
 D = Spawn monster count
 E = Non-spawn monster count
 F = Spawn count percentage of total count
 G = Total turns spent on level
                    A         B        C        D         E        F      G
               +---------+---------+-------+---------+---------+-------+---------
         Total |       0 |       2 |   0.0 |       0 |       1 |   0.0 |    66
               +---------+---------+-------+---------+---------+-------+---------
           D:1 |       0 |       2 |   0.0 |       0 |       1 |   0.0 |    65
               +---------+---------+-------+---------+---------+-------+---------

Table legend:
 A = Turns spent in this place as a percentage of turns spent in the entire game.
 B = Non-inter-level travel turns spent in this place as a percentage of non-inter-level travel turns spent in the entire game.
 C = Inter-level travel turns spent in this place as a percentage of turns spent in this place.
 D = Turns resting spent in this place as a percentage of non-inter-level travel turns spent in this place.
 E = Turns spent auto-exploring this place as a percentage of non-inter-level travel turns spent in this place.
 F = Non-inter-level travel turns spent in this place divided by the number of levels of this place that you've seen.
                   A       B       C       D       E      F
               +-------+-------+-------+-------+-------+----------------------
         Total | 100.0 | 100.0 |   0.0 |   0.0 |   0.0 |  33.0
       Dungeon | 100.0 | 100.0 |   0.0 |   0.0 |   0.0 |  33.0
               +-------+-------+-------+-------+-------+----------------------

Table legend:
 A = Kills in this place as a percentage of kills in entire the game.
 B = Kills by you in this place as a percentage of kills by you in the entire game.
 C = Kills by friends in this place as a percentage of kills by friends in the entire game.
 D = Other kills in this place as a percentage of other kills in the entire game.
 E = Experience gained in this place as a percentage of experience gained in the entire game.
 F = Experience gained in this place divided by the number of levels of this place that you have seen.
                   A       B       C       D       E      F
               +-------+-------+-------+-------+-------+----------------------
         Total | 100.0 | 100.0 |   N/A |   N/A | 100.0 |   1.0
       Dungeon | 100.0 | 100.0 |   N/A |   N/A | 100.0 |   1.0
               +-------+-------+-------+-------+-------+----------------------

Vault maps used:
D:1:      wheals_arrival_shading
